 Dungeon Crawl Stone Soup version 0.21-a0-426-g98080a9 (webtiles) character file.

180 karf the Magician (level 5, -11/28 HPs)
             Began as a Deep Elf Air Elementalist on Nov 5, 2017.
             Killed by divine providence
             ... invoked by an orc priest
              (12 damage)
             ... on level 4 of the Dungeon.
             The game lasted 00:08:41 (3617 turns).

karf the Magician (Deep Elf Air Elementalist)       Turns: 3617, Time: 00:08:42

Health: -11/28     AC:  5    Str:  5    XL:     5   Next: 33%
Magic:  5/13       EV: 14    Int: 21    God:
Gold:   151        SH:  0    Dex: 15    Spells: 11/12 levels left

rFire    . . .     SeeInvis .   z - +0 dagger
rCold    . . .     Gourm    .   (no shield)
rNeg     . . .     Faith    .   a - +0 robe
rPois    .         Spirit   .   y - +0 helmet
rElec    .         Reflect  .   B - +1 cloak
rCorr    .         Harm     .   (no gloves)
MR       .....                  (no boots)
Stlth    +++.......             (no amulet)
HPRegen  0.09/turn              (no ring)
MPRegen  0.13/turn              (no ring)

@: very slightly contaminated
A: no striking features
a: no special abilities


You were on level 4 of the Dungeon.
You were not hungry.

You visited 1 branch of the dungeon, and saw 4 of its levels.

You collected 151 gold pieces.

Inventory:

Hand Weapons
 z - a +0 dagger (weapon)
Missiles
 k - a throwing net (quivered)
Armour
 a - a +0 robe (worn)
 y - a +0 helmet (worn)
 B - a +1 cloak (worn)
Jewellery
 i - an uncursed ring of positive energy {unknown}
Scrolls
 d - 4 scrolls of teleportation {unknown}
 e - a scroll of fear {unknown}
 f - 7 scrolls of identify {unknown}
 g - a scroll of random uselessness {unknown}
 h - a scroll of remove curse {unknown}
 n - 2 scrolls of immolation {unknown}
 w - a scroll of enchant weapon {unknown}
 x - a scroll of noise {unknown}
Potions
 j - 2 potions of invisibility {unknown}
 m - 4 potions of curing {unknown}
 p - a potion of degeneration {unknown}
 q - a potion of ambrosia {unknown}
 r - 2 potions of flight {unknown}
 s - a potion of agility {unknown}
 t - a potion of heal wounds
 u - a potion of brilliance {unknown}
 v - a potion of might {unknown}
Books
 b - a book of Air

   Spells                             Type                      Level
   a - Shock                          Conjuration/Air              1
   b - Swiftness                      Charms/Air                   2
   c - Static Discharge               Conjuration/Air              3
   d - Airstrike                      Air                          4
   e - Lightning Bolt                 Conjuration/Air              5
Comestibles
 c - 4 bread rations
 l - 3 royal jellies
 o - 4 meat rations
 A - a chunk of flesh


   Skills:
 + Level 3.6 Dodging
 + Level 3.8 Stealth
 + Level 4.3 Spellcasting
 + Level 2.7 Conjurations
 + Level 3.8 Air Magic


You had 11 spell levels left.
You knew the following spells:

 Your Spells              Type           Power        Failure   Level  Hunger
a - Shock                 Conj/Air       ###.         3%          1    None


Dungeon Overview and Level Annotations

Branches:
Dungeon (4/15)
 Temple: D:4-7

Altars:

Annotations:
D:3 Eustachio


Message History

The zap hits the orc.
The orc is moderately wounded.
The orc shouts!
Casting: Shock
Confirm with . or Enter, or press ? or * to list all spells.
Aiming: Shock
Press: ? - help, Shift-Dir - straight line, f/p - orc
Aim: an orc (moderately wounded)
The zap hits the orc.
The orc is almost dead.
Casting: Shock
Confirm with . or Enter, or press ? or * to list all spells.
Aiming: Shock
Press: ? - help, Shift-Dir - straight line, f/p - orc
Aim: an orc (severely wounded)
The zap hits the orc.
You kill the orc!
The orc priest mumbles some strange prayers to Beogh against you.
Beogh smites you!
You die...

.........
.......)##
.........o...
.........)..
...........
..........##
.........#
.......@.#
##.#....†###
#.......#
#.#.....#
#.#....<#
#.#.....#
..#.....#
.##.....# ..
#.....#


You could see an orc priest.

Vanquished Creatures
  A crimson imp (D:3)
  Robin (D:3)
  3 adders
  2 oozes
  A worm (D:3)
  3 dart slugs (D:1)
  A leopard gecko (D:3)
  11 orcs
  4 giant cockroaches (D:3)
  9 goblins
  3 hobgoblins
  11 jackals
  A quokka (D:4)
  A ball python (D:3)
  9 bats
  2 frilled lizards
  6 kobolds
  A quokka skeleton (D:4)
  7 rats
77 creatures vanquished.

Notes
Turn   | Place    | Note
-------+----------+-------------------------------------------
     0 | D:1      | karf the Deep Elf Air Elementalist began the quest for the Orb.
     0 | D:1      | Reached XP level 1. HP: 10/10 MP: 6/6
   221 | D:1      | Reached XP level 2. HP: 15/15 MP: 0/8
   990 | D:2      | Reached XP level 3. HP: 19/19 MP: 7/9
  2046 | D:3      | Reached XP level 4. HP: 24/24 MP: 3/11
  2276 | D:3      | Noticed Robin
  2572 | D:3      | Reached skill level 4 in Spellcasting
  2650 | D:3      | Killed Robin
  3000 | D:3      | Reached XP level 5. HP: 28/28 MP: 6/13
  3475 | D:4      | Noticed Eustachio
  3614 | D:4      | HP: 1/28 [orc priest/divine providence (13)]
  3617 | D:4      | Killed from afar by an orc priest

Vault maps used:
D:1:      minmay_arrival_semitransparent, hangedman_decor_slide_cut
D:2:      corexii_shack
D:3:      first_bread, serial_bayou_pond_c, uniq_robin
D:4:      makhleb_altar_promises_db, uniq_eustachio, uniq_duvessa

Skill      XL: |  1  2  3  4 |
---------------+-------------+-----
Stealth        | 3 |  3.8
Dodging        | 3 |  3.6
Conjurations   | 2 |  2.7
Spellcasting   | 4 |  4.3
Air Magic      | |  3.8

Action                   |  1- 3 |  4- 6 || total
-------------------------+-------+-------++-------
Melee: Unarmed           |    20 |     3 ||    23
       Dagger            |       |     4 ||     4
 Cast: Shock             |    98 |   119 ||   217
  Eat: Chunk             |     3 |     5 ||     8
Armor: Robe              |     4 |    16 ||    20
Dodge: Dodged            |    38 |    46 ||    84

Table legend:
 A = Spawn XP
 B = Non-spawn XP
 C = Spawn XP percentage of total XP
 D = Spawn monster count
 E = Non-spawn monster count
 F = Spawn count percentage of total count
 G = Total turns spent on level
                    A         B        C        D         E        F      G
               +---------+---------+-------+---------+---------+-------+---------
         Total |       0 |     258 |   0.0 |       0 |      77 |   0.0 |  3617
               +---------+---------+-------+---------+---------+-------+---------
           D:1 |       0 |      31 |   0.0 |       0 |      17 |   0.0 |   813
           D:2 |       0 |      48 |   0.0 |       0 |      17 |   0.0 |  1230
           D:3 |       0 |     151 |   0.0 |       0 |      36 |   0.0 |  1458
           D:4 |       0 |      28 |   0.0 |       0 |       7 |   0.0 |   116
               +---------+---------+-------+---------+---------+-------+---------
